 Dungeon Crawl Stone Soup version 0.20.0-10-g0535bb4 (webtiles) character file.

61 McKennaii the Skirmisher (level 3, -6/29 HPs)
             Began as a Demonspawn Fighter on June 5, 2017.
             Mangled by Crazy Yiuf
             ... wielding a +4 quarterstaff of chaos
              (12 damage)
             ... on level 2 of the Dungeon.
             The game lasted 00:02:13 (1752 turns).

McKennaii the Skirmisher (Demonspawn Fighter)       Turns: 1752, Time: 00:02:14

Health: -6/29      AC:  9    Str: 16    XL:     3   Next: 83%
Magic:  3/3        EV:  6    Int:  9    God:
Gold:   110        SH:  9    Dex: 13    Spells: 2/2 levels left

rFire    . . .     SeeInvis .   a - +0 long sword
rCold    . . .     Gourm    .   c - +0 shield
rNeg     . . .     Faith    .   b - +0 scale mail
rPois    .         Spirit   .   r - +0 helmet
rElec    .         Reflect  .   (no cloak)
rCorr    .         Harm     .   q - +0 pair of gloves
MR       .....                  (no boots)
Stlth    ..........             (no amulet)
Regen    0.1/turn               (no ring)
MPRegen  0.1/turn               (no ring)

@: lethally poisoned (-6 -> -13), drained
A: talons 1
a: no special abilities


You were on level 2 of the Dungeon.
You were hungry.

You visited 1 branch of the dungeon, and saw 2 of its levels.

You collected 110 gold pieces.

Inventory:

Hand Weapons
 a - a +0 long sword (weapon)
Armour
 b - a +0 scale mail (worn)
 c - a +0 shield (worn)
 q - a +0 pair of gloves (worn)
 r - a +0 helmet (worn)
Scrolls
 g - a scroll of magic mapping {unknown}
 i - a scroll of enchant armour {unknown}
 k - 3 scrolls of identify {unknown}
 p - a scroll of enchant weapon {unknown}
Potions
 d - a potion of might
 e - 2 potions of agility {unknown}
 h - 3 potions of curing {unknown}
 j - a potion of magic {unknown}
 l - a potion of cancellation {unknown}
 m - a potion of flight {unknown}
 n - a potion of ambrosia {unknown}
Comestibles
 f - a bread ration
 o - a meat ration
 s - a royal jelly


   Skills:
 + Level 3.3(3.0) Fighting
 + Level 2.4(2.0) Long Blades
 + Level 3.1(2.8) Armour
 + Level 3.3(3.0) Shields


You had 2 spell levels left.
You didn't know any spells.

Dungeon Overview and Level Annotations

Branches:
Dungeon (2/15)

Altars:

Annotations:
D:2 Crazy Yiuf


Innate Abilities, Weirdness & Mutations

You have sharp toenails.


Message History

You closely miss Crazy Yiuf.
Crazy Yiuf hits you with a quarterstaff of chaos.
Crazy Yiuf freezes you.
Crazy Yiuf hits you with a quarterstaff of chaos.
You are poisoned.
You hit Crazy Yiuf but do no damage. You claw Crazy Yiuf, but do no damage.
You feel sick.
Crazy Yiuf hits you with a quarterstaff of chaos!
You feel drained.
* * * LOW HITPOINT WARNING * * *
You slash Crazy Yiuf! Your kick misses Crazy Yiuf.
Crazy Yiuf is heavily wounded.
* * * LOW HITPOINT WARNING * * *
You feel sick. You block Crazy Yiuf's attack.
You hit Crazy Yiuf.
Crazy Yiuf is severely wounded.
* * * LOW HITPOINT WARNING * * *
You feel sick.
Crazy Yiuf hits you with a quarterstaff of chaos!
You die...

####)##############
#.# ...#.# #.#
##.#.# #.# ##.#.#
#.# ##.#.##### #.#
##.#.....#
♣♣♣♣♣###.#
##.......# ###
♣♣♣.♣...##.#
.........#
#...#♣..♣.......#
##########
#...g@♣♣♣♣......#
####### #)..#♣♣
♣♣..#.## ......#
### ♣♣#### #####.#
# #.#
#####.###########
................#
#####.#######.###
#.# #.#


You could see Crazy Yiuf.

Vanquished Creatures
  3 adders (D:2)
  A dart slug (D:1)
  2 leopard geckos
  A bat (D:1)
  A giant cockroach (D:2)
  5 goblins
  5 hobgoblins
  6 kobolds
  A frilled lizard (D:1)
  3 rats
28 creatures vanquished.

Notes
Turn   | Place    | Note
-------+----------+-------------------------------------------
     0 | D:1      | McKennaii the Demonspawn Fighter began the quest for the Orb.
     0 | D:1      | Reached XP level 1. HP: 18/18 MP: 1/1
   133 | D:1      | Gained mutation: You have sharp toenails. [demonic ancestry]
   133 | D:1      | Reached XP level 2. HP: 24/24 MP: 2/2
   848 | D:2      | Reached XP level 3. HP: 26/29 MP: 3/3
  1620 | D:2      | Found a runed door.
  1745 | D:2      | Noticed Crazy Yiuf
  1752 | D:2      | Mangled by Crazy Yiuf

Skill      XL: |  1  2  3 |
---------------+----------+-----
Shields        | 3 |  3.3
Long Blades    | 2 |  2.4
Armour         | 3 |  3.1
Fighting       | |  3.3

Action                   || total
-------------------------++-------
Melee: Long sword        ||    98
       Kick              ||    21
  Eat: Chunk             ||     2
Armor: Scale mail        ||    32
Dodge: Dodged            ||    25
Block: Shield            ||    48
       Rpst.: Long sword ||    10
